cohdb
Replays
Latest Replays
All Replays
Popular Replays
Top Player Replays
Match Explorer
How It Works
Community
CoH3 Stats
Reddit
Sign in to upload your games and track your stats! →
Sign in with Steam
Match 43391013
Unlisted
Match 43391013
Overview
Messages
Build Orders
End
Kradschützen Motorcycle Team
Selects Panzerjäger Kommand Battlegroup
Selects Mine Fields
Panzergrenadier Squad
Panzergrenadier Squad
Construct Light Support Kompanie
Panzerjäger Squad
Fire Support Elements
MG34 Team
Selects Defensive Positions
Panzerjäger Mechanized Group
Flakvierling Half-track
Selects Tank Busters
Vehicle Survival Package
2.5-tonne Medical Truck
Flakvierling Half-track
Veteran Squad Leaders
Flakvierling Half-track
Selects Crew Shock Tactics
Selects Butterfly Bomb Drop
Construct Panzerarmee Kommand
Emergency Repair Kits
Selects Elefant Tank Destroyer
Panzer III L Medium Tank
^3
Testicular Chewing Goat
0
0
Comments
sign in to comment!
No comments posted yet!